 Dungeon Crawl Stone Soup version 0.30-a0-808-g6e0788376e (webtiles) character file.

Game seed: 8685986158932732180

155 Twinkles the Covert (level 5, -11/47 HPs)
             Began as a Gnoll Delver on Feb 26, 2023.
             Was an Initiate of Okawaru.
             Mangled by an iguana (12 damage)
             ... on level 4 of the Dungeon.
             The game lasted 00:11:07 (3596 turns).

Twinkles the Covert (Gnoll Delver)                  Turns: 3596, Time: 00:11:07

Health: -11/47     AC:  3    Str: 14    XL:     5   Next: 37%
Magic:  7/7        EV: 13    Int:  9    God:    Okawaru [......]
Gold:   215        SH:  0    Dex: 13    Spells: 7/7 levels left

rFire   + . .      SeeInvis .    a - +0 mace
rCold   . . .      Faith    .    (no shield)
rNeg    . . .      Spirit   .    b - +0 leather armour
rPois   .          Reflect  .    (no helmet)
rElec   .          Harm     .    (no cloak)
rCorr   .          Rampage  .    (no gloves)
Will    +....                    (no boots)
Stlth   ++++                     (no amulet)
HPRegen 0.27/turn                j - ring of willpower
MPRegen 0.10/turn                s - ring of protection from fire

@: no status effects
A: fangs 1, strong nose, distributed training
a: Renounce Religion


You were on level 4 of the Dungeon.
You worshipped Okawaru.
Okawaru was noncommittal.
You visited 2 branches of the dungeon, and saw 6 of its levels.

You collected 215 gold pieces.

Inventory:

Hand Weapons
 a - a +0 mace (weapon)
Missiles
 u - 3 poisoned darts (quivered)
Armour
 b - a +0 leather armour (worn)
Jewellery
 j - a ring of willpower (left hand)
 s - a ring of protection from fire (right hand)
Wands
 d - a wand of digging (3)
 y - a wand of mindburst (1)
Scrolls
 c - 4 scrolls of noise {unknown}
 e - 4 scrolls of identify {unknown}
 f - a scroll of enchant armour {unknown}
 k - a scroll of poison {unknown}
 l - 2 scrolls of teleportation {unknown}
 m - 2 scrolls of amnesia {unknown}
 n - a scroll of blinking {unknown}
 o - a scroll of vulnerability {unknown}
 q - a scroll of enchant weapon {unknown}
 E - 2 scrolls of fear
 F - a scroll of fog
 X - a scroll of magic mapping
Potions
 g - 2 potions of heal wounds {unknown}
 h - a potion of might {unknown}
 i - a potion of mutation {unknown}
 p - a potion of curing {unknown}
 r - a potion of lignification {unknown}
 t - a potion of brilliance {unknown}
 H - a potion of haste


   Skills:
 + Level 6.7 Fighting
 + Level 1.5 Short Blades
 + Level 1.5 Long Blades
 + Level 1.5 Axes
 + Level 4.8 Maces & Flails
 + Level 1.5 Polearms
 + Level 1.5 Staves
 + Level 1.5 Ranged Weapons
 + Level 1.5 Throwing
 + Level 1.5 Armour
 + Level 4.8 Dodging
 + Level 9.7 Stealth
 + Level 1.5 Shields
 + Level 1.5 Unarmed Combat
 + Level 1.5 Spellcasting
 + Level 1.2 Conjurations
 + Level 1.2 Hexes
 + Level 1.2 Summonings
 + Level 1.2 Necromancy
 + Level 1.2 Translocations
 + Level 1.2 Transmutations
 + Level 1.2 Fire Magic
 + Level 1.2 Ice Magic
 + Level 1.2 Air Magic
 + Level 1.2 Earth Magic
 + Level 1.2 Poison Magic
 + Level 1.7 Invocations
 + Level 1.5 Evocations


You had 7 spell levels left.
You didn't know any spells.
Your spell library contained the following spells:

 Spells                   Type           Power      Damage    Failure   Level
 Cigotuvi's Dreadful Rot  Necr/Pois/Air  4%         N/A       36%         2
 Poisonous Vapours        Pois/Air       4%         N/A       36%         2
 Mephitic Cloud           Conj/Pois/Air  2%         N/A       61%         3
 Ozocubu's Armour         Ice            2%         N/A       61%         3
 Airstrike                Air            1%         2d(1-17)  95%         4
 Lightning Bolt           Conj/Air       1%         1d12      100%        5
 Ozocubu's Refrigeration  Ice            1%         4d7       100%        7
 Summon Lightning Spire   Summ/Air       Unusable   N/A       N/A         4

Dungeon Overview and Level Annotations

Branches:
Dungeon (5/15) Zot: 23980  Temple (1/1) D:4 Zot: 5910

Altars:
Ashenzari
Elyvilon
Fedhas
Hepliaklqana
Kikubaaqudgha
Okawaru
Qazlal
Ru
Sif Muna
Trog
Uskayaw
Wu Jian
Xom
Yredelemnul
Zin
The Shining One

Shops:
D:4 **

Annotations:
D:4 Blork the orc, Grinder, Sigmund
D:5 exclusions: iguana and ogre


Innate Abilities, Weirdness & Mutations

You have very sharp teeth.
Your uncanny sense of smell can sniff out nearby items.
Your experience applies equally to all skills.


Message History

Blork the orc jeers loudly.
The iguana bites you.
You hit the iguana but do no damage.
The iguana is heavily wounded.
The iguana closely misses you. The iguana barely misses you.
You barely miss the iguana. You bite the iguana, but do no damage.
The iguana is heavily wounded.
The iguana bites you.
You completely miss the iguana. You punch the iguana, but do no damage.
You bite the iguana.
The iguana is heavily wounded.
Blork the orc screams, "I'll drink your blood!
Soon!"
The iguana closely misses you.
You barely miss the iguana.
The iguana is heavily wounded.
The iguana closely misses you.
You hit the iguana but do no damage. Your bite misses the iguana.
The iguana is heavily wounded.
The iguana bites you!
You completely miss the iguana.
The iguana is heavily wounded.
The iguana misses you.
You barely miss the iguana. You bite the iguana, but do no damage.
The iguana is heavily wounded.
Blork the orc yells to no one in particular.
The iguana barely misses you.
You closely miss the iguana.
The iguana is heavily wounded.
The iguana bites you!
* * * LOW HITPOINT WARNING * * *
Blork the orc screams, "I'll break your legs!"
You hit the iguana.
The iguana is heavily wounded.
The iguana barely misses you. The iguana misses you.
You hit the iguana.
The iguana is severely wounded.
The iguana bites you!
* * * LOW HITPOINT WARNING * * *
The iguana attacks as you move away! The iguana bites you!
You die...

..# .. #......+
####'# #'# #......#
#....##.. #......#
#....... '......
#...... #....# #<....
#....#
#....#######g...#
#...@##o...#J...#
#....lgK...#.K..#####
#....##....#........^
#######....'....#####
#....#....#
######....#
#....'....#
#....#....#####
#....#......#..


You could see an iguana, a goblin and a kobold.

Vanquished Creatures
  A hound (D:4)
  7 adders
  A worm (D:2)
  A dart slug (D:1)
  An orc (D:4)
  3 endoplasms
  2 giant cockroaches
  5 goblins
  8 hobgoblins
  2 jackals (D:3)
  4 kobolds
  2 quokkas
  6 ball pythons
  7 bats
  4 frilled lizards
  8 rats
62 creatures vanquished.

Notes
Turn   | Place    | Note
-------+----------+-------------------------------------------
     0 | D:5      | Reached skill level 9 in Stealth
     0 | D:5      | Twinkles the Gnoll Delver began the quest for the Orb.
     0 | D:5      | Reached XP level 1. HP: 23/23 MP: 1/1
    15 | D:5      | Noticed an ogre
   108 | D:5      | Noticed an iguana
   189 | D:5      | Noticed an orc priest
   232 | D:3      | Found a hide-covered altar of Uskayaw.
   574 | D:1      | Reached XP level 2. HP: 29/29 MP: 2/2
  1130 | D:1      | Found a faded altar of an unknown god.
  1158 | D:1      | Reached XP level 3. HP: 35/35 MP: 3/3
  1684 | D:2      | Reached skill level 1 in Invocations
  1836 | D:2      | Reached skill level 1 in Short Blades
  1836 | D:2      | Reached skill level 1 in Long Blades
  1836 | D:2      | Reached skill level 1 in Axes
  1836 | D:2      | Reached skill level 1 in Polearms
  1836 | D:2      | Reached skill level 1 in Staves
  1836 | D:2      | Reached skill level 1 in Ranged Weapons
  1836 | D:2      | Reached skill level 1 in Throwing
  1836 | D:2      | Reached skill level 1 in Armour
  1836 | D:2      | Reached skill level 1 in Shields
  1836 | D:2      | Reached skill level 1 in Unarmed Combat
  1836 | D:2      | Reached skill level 1 in Spellcasting
  1836 | D:2      | Reached skill level 1 in Evocations
  1935 | D:2      | Reached XP level 4. HP: 38/41 MP: 5/5
  2293 | D:2      | Reached skill level 1 in Conjurations
  2293 | D:2      | Reached skill level 1 in Hexes
  2293 | D:2      | Reached skill level 1 in Summonings
  2293 | D:2      | Reached skill level 1 in Necromancy
  2293 | D:2      | Reached skill level 1 in Translocations
  2293 | D:2      | Reached skill level 1 in Transmutations
  2293 | D:2      | Reached skill level 1 in Fire Magic
  2293 | D:2      | Reached skill level 1 in Ice Magic
  2293 | D:2      | Reached skill level 1 in Air Magic
  2293 | D:2      | Reached skill level 1 in Earth Magic
  2293 | D:2      | Reached skill level 1 in Poison Magic
  2559 | D:3      | Found a bloodstained altar of Trog.
  2559 | D:3      | Found a shimmering blue altar of Sif Muna.
  2559 | D:3      | Found a sacrificial altar of Ru.
  2584 | D:3      | Found a blossoming altar of Fedhas.
  2792 | D:3      | Found a shimmering altar of Xom.
  2999 | D:3      | Found an ancient bone altar of Kikubaaqudgha.
  3223 | D:4      | Found Tiushonn's Specific Store.
  3232 | D:4      | Found Ruwko's General Store.
  3287 | D:4      | Reached XP level 5. HP: 47/47 MP: 7/7
  3299 | D:4      | Found a stormy altar of Qazlal.
  3305 | D:4      | Noticed Sigmund
  3306 | D:4      | Noticed Grinder
  3338 | D:4      | Found a staircase to the Ecumenical Temple.
  3347 | Temple   | Entered the Ecumenical Temple
  3428 | Temple   | Became a worshipper of Warmaster Okawaru
  3564 | D:4      | Noticed Blork the orc
  3592 | D:4      | HP: 11/47 [iguana (11)]
  3594 | D:4      | HP: 1/47 [iguana (10)]
  3596 | D:4      | Mangled by an iguana

Illustrated notes

Levels and vault maps discovered:
D:1:      dpeg_arrival_rhombi, layout_basic,
          hellmonk_ecumenical_altar_leap_of_faith, grunt_decor_arrowhead
D:2:      layout_basic
D:3:      layout_basic, mainiacjoe_overflow_small_starburst,
          mainiacjoe_overflow_cross_hatched, gammafunk_temple_overflow_claw,
          mainiacjoe_overflow_brackets, mainiacjoe_overflow_tiny_flanked
D:4:      cheibrodos_quashed, layout_gridville, lemuel_round_altar,
          nicolae_qazlal_general_emergency, temple_statues,
          nicolae_specific_store, dk_rats_in_the_wall, uniq_grinder,
          uniq_blork_the_orc, uniq_sigmund
D:5:      layout_basic, minmay_mini_ossuary
Temple:   nicolae_temple_colour_theory

Skill      XL: |  1  2  3  4 |
---------------+-------------+-----
Stealth        | |  9.7
Invocations    | 1 |  1.7
Short Blades   | 1 |  1.5
Long Blades    | 1 |  1.5
Axes           | 1 |  1.5
Polearms       | 1 |  1.5
Staves         | 1 |  1.5
Ranged Weapons | 1 |  1.5
Throwing       | 1 |  1.5
Armour         | 1 |  1.5
Shields        | 1 |  1.5
Unarmed Combat | 1 |  1.5
Spellcasting   | 1 |  1.5
Evocations     | 1 |  1.5
Conjurations   | 1 |  1.2
Hexes          | 1 |  1.2
Summonings     | 1 |  1.2
Necromancy     | 1 |  1.2
Translocations | 1 |  1.2
Transmutations | 1 |  1.2
Fire Magic     | 1 |  1.2
Ice Magic      | 1 |  1.2
Air Magic      | 1 |  1.2
Earth Magic    | 1 |  1.2
Poison Magic   | 1 |  1.2
Fighting       | |  6.7
Maces & Flails | |  4.8
Dodging        | |  4.8

Action                     |  1- 3 |  4- 6 || total
---------------------------+-------+-------++-------
  Melee: Mace              |    94 |   134 ||   228
         Bite              |     7 |    11 ||    18
         Punch             |       |     2 ||     2
   Stab: Sleeping          |    13 |     7 ||    20
 Armour: Leather armour    |    23 |    32 ||    55
  Dodge: Dodged            |    69 |   132 ||   201

Table legend: (Time is in decaauts)
 A = Elapsed time spent in this place.
 B = Non-inter-level travel time spent in this place.
 C = Inter-level travel time spent in this place.
 D = Time resting spent in this place.
 E = Time spent auto-exploring this place.
 F = Levels seen in this place.
 G = Mean time per level.
                   A        B        C        D        E       F      G
               +--------+--------+--------+--------+--------+-----+--------+
         Total |   3632 |   3460 |    172 |     12 |   2678 |   6 |  605.3 |
       Dungeon |   3543 |   3390 |    153 |     12 |   2614 |   5 |  708.6 |
        Temple |     89 |     70 |     19 |      0 |     64 |   1 |   89.0 |
               +--------+--------+--------+--------+--------+-----+--------+

Top non-repeatable levels by time:
     D:3: 1141 daAuts
     D:1: 1049 daAuts
     D:2: 838 daAuts
     D:4: 317 daAuts
     D:5: 196 daAuts
  Temple: 89 daAuts
